 Dungeon Crawl Stone Soup version 0.22.1-1-ga44c0e5 (webtiles) character file.

4452 Fang the Cleaver (level 10, -4/64 HPs)
             Began as a Gargoyle Berserker on Oct 26, 2018.
             Was an Elder of Trog.
             Hit by a large rock thrown by a cyclops (12 damage)
             ... on level 12 of the Dungeon.
             The game lasted 00:09:02 (9612 turns).

Fang the Cleaver (Gargoyle Berserker)               Turns: 9612, Time: 00:09:03

Health: -4/64      AC: 18    Str: 23    XL:     10   Next: 37%
Magic:  10/10      EV:  8    Int:  9    God:    Trog [****..]
Gold:   324        SH:  0    Dex:  9    Spells: 9/9 levels left

rFire    . . .     SeeInvis .   w - +1 broad axe (elec)
rCold    . . .     Gourm    .   (no shield)
rNeg     + + .     Faith    .   E - +0 plate armour
rPois    ∞         Spirit   .   (no helmet)
rElec    +         Reflect  .   (no cloak)
rCorr    .         Harm     .   (no gloves)
MR       .....                  (no boots)
Stlth    ..........             x - amulet of magic regeneration
HPRegen  0.20/turn              v - ring of positive energy
MPRegen  0.37/turn              (no ring)

@: berserk cooldown, slowed, very slow
A: negative energy resistance 1, electricity resistance, unbreathing,
petrification resistance, rot immunity, AC +7
a: Berserk, Trog's Hand, Brothers in Arms, Renounce Religion


You were on level 12 of the Dungeon.
You worshipped Trog.
Trog was greatly pleased with you.
You were hungry.

You visited 2 branches of the dungeon, and saw 11 of its levels.

You collected 324 gold pieces.

Inventory:

Hand Weapons
 a - a +0 hand axe
 w - a +1 broad axe of electrocution (weapon)
Armour
 E - a +0 plate armour (worn)
Jewellery
 v - a ring of positive energy (left hand)
 x - an amulet of magic regeneration (around neck)
 C - a cursed ring of teleportation {unknown}
Wands
 u - a wand of polymorph (7)
 z - a wand of random effects (12)
Scrolls
 d - 3 scrolls of fog
 e - a scroll of random uselessness {unknown}
 g - 2 scrolls of enchant weapon {unknown}
 h - a scroll of noise {unknown}
 j - 5 scrolls of identify {unknown}
 l - 2 scrolls of fear {unknown}
 n - 2 scrolls of immolation {unknown}
 q - 3 scrolls of blinking {unknown}
 r - 4 scrolls of remove curse {unknown}
 t - 2 scrolls of magic mapping {unknown}
 y - a scroll of teleportation {unknown}
 A - 2 scrolls of enchant armour {unknown}
 B - a scroll of amnesia {unknown}
Potions
 b - a potion of resistance {unknown}
 f - 2 potions of haste {unknown}
 i - 3 potions of magic {unknown}
 k - a potion of invisibility {unknown}
 m - 3 potions of lignification {unknown}
 o - 5 potions of curing {unknown}
 p - a potion of flight {unknown}
 s - 2 potions of might {unknown}
 D - a potion of degeneration {unknown}
Comestibles
 c - 19 rations


   Skills:
 + Level 8.0 Fighting
 + Level 10.1 Axes
 + Level 3.4 Armour
 + Level 5.7 Dodging
 + Level 3.3 Stealth
 + Level 0.9 Unarmed Combat


You had 9 spell levels left.
You didn't know any spells.
Your spell library was empty.

Dungeon Overview and Level Annotations

Branches:
Dungeon (9/15)             Temple (1/1) D:6
   Lair: D:8-11         Orc: D:9-12

Altars:
Ashenzari
Dithmenos
Elyvilon
Fedhas
Hepliaklqana
Kikubaaqudgha
Qazlal
Ru
Xom
Yredelemnul
The Shining One


Innate Abilities, Weirdness & Mutations

You are resistant to torment.
Your stone body is resilient. (AC +7)
You are immune to poison.
You resist negative energy. (rN+)
You are resistant to electric shocks. (rElec)
You can survive without breathing.
You are immune to petrification.
You are immune to rotting.


Message History

A cyclops comes into view.
The electric eel shoots out a bolt of lightning at you!
The bolt of electricity hits you! You resist.
Unknown command.
Your unstable footing causes you to fumble your attack.
The cyclops shouts!
The cyclops throws a large rock.
The large rock hits you.
* * * LOW HITPOINT WARNING * * *
You hear a splash.
The electric eel shoots out a bolt of lightning at you!
The bolt of electricity hits you! You resist.
* * * LOW HITPOINT WARNING * * *
Unknown command.
As you read the scroll labeled ASEH RESETHA, it crumbles to dust.
The scroll dissolves into smoke.
It was a scroll of fog.
The electric eel shoots out a bolt of lightning at you!
The bolt of electricity hits you! You resist.
* * * LOW HITPOINT WARNING * * *
The cyclops throws a large rock.
The large rock hits you!
You die...

..≈≈≈≈≈..C......
###≈≈≈≈≈≈.........
.....≈≈≈≈.........
.....≈......?....
#≈≈≈.≈...).≈....
#≈≈≈.≈.†)≈......
#≈≈≈.§§§§≈.≈≈...
#≈≈≈.≈§@§..≈≈...
####≈≈≈.≈§;§≈≈≈≈...
.........§....≈≈...
####≈≈†.≈.≈≈≈.≈≈.≈.
#≈≈≈.≈..........
#≈≈≈.......≈≈≈≈≈
#≈≈≈≈≈..........
#≈≈≈≈≈≈≈≈..≈≈≈≈≈
............#####


You could see a cyclops and an electric eel.

Vanquished Creatures
  A two-headed ogre (D:8)
  Pikel (D:8)
  A water elemental (D:12)
  A spriggan (D:8)
  2 hungry ghosts (D:8)
  Menkaure (D:5)
  An orc warrior (D:12)
  2 slaves (D:8)
  2 phantoms
  3 ice beasts
  4 ogres
  4 centaurs
  A big kobold (D:5)
  A wyvern zombie (D:12)
  2 scorpions
  4 killer bees (D:7)
  2 electric eels (D:12)
  2 howler monkeys
  3 crimson imps
  A centaur zombie (D:8)
  2 jellies
  2 hounds
  A centaur skeleton (D:12)
  An orc priest (D:5)
  6 orc wizards
  Crazy Yiuf (D:3)
  Ijyb (D:3)
  An iguana (D:4)
  3 worker ants
  A killer bee zombie (D:7)
  A worker ant zombie (D:5)
  Robin (D:3)
  10 adders
  2 adder skeletons
  2 worms (D:2)
  4 leopard geckos
  22 orcs
  2 giant cockroaches
  10 hobgoblins
  14 jackals
  2 quokkas
  5 bats
  4 frilled lizards
  21 goblins
  33 kobolds
  6 rats
  3 plants (D:5)
200 creatures vanquished.

Vanquished Creatures (others)
  A human (D:3)
  3 orcs (D:12)
4 creatures vanquished.

Grand Total: 204 creatures vanquished

Notes
Turn   | Place    | Note
-------+----------+-------------------------------------------
     0 | D:1      | Fang the Gargoyle Berserker began the quest for the Orb.
     0 | D:1      | Reached XP level 1. HP: 14/14 MP: 1/1
   431 | D:1      | Reached XP level 2. HP: 17/19 MP: 2/2
   617 | D:1      | Reached skill level 3 in Axes
  1333 | D:2      | Found a shadowy altar of Dithmenos.
  1394 | D:2      | Found a glowing golden altar of the Shining One.
  1403 | D:2      | Reached XP level 3. HP: 18/24 MP: 3/3
  1485 | D:2      | Reached ** piety under Trog
  1928 | D:2      | Found a blossoming altar of Fedhas.
  2159 | D:2      | Reached XP level 4. HP: 18/29 MP: 4/4
  2635 | D:2      | Noticed an ogre
  2642 | D:2      | Killed an ogre
  2642 | D:2      | Reached skill level 4 in Axes
  2642 | D:2      | Reached XP level 5. HP: 33/33 MP: 5/5
  3077 | D:3      | Reached XP level 6. HP: 9/39 MP: 6/6
  3388 | D:3      | Noticed Robin
  3396 | D:3      | Killed Robin
  3401 | D:3      | Reached *** piety under Trog
  3775 | D:3      | Noticed Ijyb
  3795 | D:3      | Killed Ijyb
  3844 | D:3      | Found an ancient bone altar of Kikubaaqudgha.
  3959 | D:3      | Found a runed door.
  4001 | D:3      | Noticed a human
  4003 | D:3      | Killed a human
  4128 | D:3      | Noticed Crazy Yiuf
  4131 | D:3      | Killed Crazy Yiuf
  4131 | D:3      | Reached skill level 1 in Stealth
  4357 | D:4      | Reached skill level 5 in Fighting
  4357 | D:4      | Reached XP level 7. HP: 38/44 MP: 7/7
  4360 | D:4      | Noticed an air elemental
  4369 | D:4      | Reached skill level 5 in Axes
  4495 | D:4      | Found a stormy altar of Qazlal.
  4497 | D:4      | Noticed a fire elemental
  4922 | D:4      | Noticed a water elemental
  5083 | D:5      | Entered Level 5 of the Dungeon
  5246 | D:5      | Reached **** piety under Trog
  5380 | D:5      | Received a gift from Trog
  5495 | D:5      | Noticed Menkaure
  5501 | D:5      | Killed Menkaure
  5501 | D:5      | Reached skill level 6 in Axes
  5760 | D:5      | Reached XP level 8. HP: 19/51 MP: 8/8
  6493 | D:6      | Found a shimmering altar of Xom.
  6540 | D:6      | Reached skill level 7 in Axes
  6919 | D:6      | Found a staircase to the Ecumenical Temple.
  6952 | Temple   | Entered the Ecumenical Temple
  7010 | D:6      | You fall through a shaft for 2 floors!
  7067 | D:8      | Reached skill level 8 in Axes
  7067 | D:8      | Reached XP level 9. HP: 48/56 MP: 9/9
  8536 | D:8      | Noticed a two-headed ogre
  8542 | D:8      | Killed a two-headed ogre
  8542 | D:8      | Reached skill level 9 in Axes
  8542 | D:8      | Reached skill level 5 in Dodging
  8939 | D:8      | Noticed Pikel
  8943 | D:8      | Killed Pikel
  8943 | D:8      | Reached XP level 10. HP: 64/64 MP: 10/10
  9102 | D:8      | Found a sacrificial altar of Ru.
  9316 | D:8      | Found a basalt altar of Yredelemnul.
  9398 | D:8      | Reached skill level 10 in Axes
  9467 | D:8      | Found a shadowy altar of Dithmenos.
  9581 | D:9      | You fall through a shaft for 3 floors!
  9610 | D:12     | Noticed a cyclops
  9612 | D:12     | Hit by a large rock thrown by a cyclops

Skill      XL: |  1  2  3  4  5  6  7  8  9 10 |
---------------+-------------------------------+-----
Axes           | 3 4 6 8 9 10 | 10.1
Dodging        | 2 3 4 5 |  5.7
Fighting       | 4 5 6 7 8 |  8.0
Stealth        | 1 2 3 |  3.3
Armour         | 3 |  3.4
Unarmed Combat | |  0.9

Action                   |  1- 3 |  4- 6 |  7- 9 | 10-12 || total
-------------------------+-------+-------+-------+-------++-------
Melee: Hand axe          |   115 |   129 |       |       ||   244
       Broad axe         |       |    23 |   277 |    35 ||   335
       Unarmed           |       |    14 |       |       ||    14
       Punch             |       |       |     1 |       ||     1
Invok: Berserk           |     3 |     5 |     4 |     1 ||    13
  Use: Scroll            |       |       |       |     1 ||     1
 Stab: Sleeping          |       |       |     2 |       ||     2
  Eat: Chunk             |     6 |    12 |    12 |     3 ||    33
       Ration            |       |       |     2 |       ||     2
Armor: Animal skin       |    28 |    53 |    98 |       ||   179
       Plate armour      |       |       |    15 |    17 ||    32
Dodge: Dodged            |    78 |   113 |   244 |    15 ||   450
